 Dungeon Crawl Stone Soup version 0.28-a0-533-g9f97627e2a (webtiles) character file.

Game seed: 1880032125965933335

7949 willcat the Covert (level 11, -1/67 HPs)
             Began as an Octopode Delver on Sept 26, 2021.
             Was an Initiate of Gozag.
             Hit by a large rock thrown by a cyclops (30 damage)
             ... on level 11 of the Dungeon.
             The game lasted 00:11:54 (8117 turns).

willcat the Covert (Octopode Delver)                Turns: 8117, Time: 00:11:54

Health: -1/67      AC:  1    Str: 18    XL:     11   Next: 23%
Magic:  0/14       EV: 16    Int: 15    God:    Gozag
Gold:   938        SH: 14    Dex: 19    Spells: 9/14 levels left

rFire   + . .      SeeInvis .   e - +8 quick blade "Wycoorch" {freeze, rF+ Dex+5}
rCold   . . .      Faith    .   g - +3 kite shield of the Echidna {rElec rCorr Str+6}
rNeg    + + .      Spirit   +   (helmet restricted)
rPois   .          Reflect  .   t - amulet of guardian spirit
rElec   +          Harm     .   i - ring of positive energy
rCorr   +          Rampage  .   w - ring of positive energy
Will    .....                   (no ring)
Stlth   ++++++....              (no ring)
HPRegen 0.21/turn               (no ring)
MPRegen 0.14/turn               (no ring)
                                (no ring)
                                (no ring)

@: no status effects
A: almost no armour, amphibious, 8 rings, camouflage 1, gelatinous body 1,
(nimble swimmer 1), tentacles
a: Renounce Religion, Potion Petition, Call Merchant, Bribe Branch


You were on level 11 of the Dungeon.
You worshipped Gozag.
Gozag was pleased with you.
You visited 2 branches of the dungeon, and saw 9 of its levels.
You also visited: Ossuary.

You collected 1288 gold pieces.
You spent 325 gold pieces at shops.
You paid 25 gold pieces to Gozag.

Inventory:

Hand Weapons
 a - a +0 short sword
 e - the +8 quick blade "Wycoorch" (weapon) {freeze, rF+ Dex+5}
   (You acquired it on level 5 of the Dungeon)

   It freezes those it strikes, dealing additional cold damage.
   It can also slow down cold-blooded creatures.
   Dex:       It affects your dexterity (+5).
   rF:        It protects you from fire.
Armour
 g - the +3 kite shield of the Echidna (worn) {rElec rCorr Str+6}
   (You acquired it on level 5 of the Dungeon)

   Str:       It affects your strength (+6).
   rElec:     It insulates you from electricity.
   rCorr:     It protects you from acid and corrosion.
Jewellery
 i - a ring of positive energy (left tentacle)
 t - an amulet of guardian spirit (around mantle)
 w - a ring of positive energy (right tentacle)
 z - an amulet of magic regeneration
Wands
 f - a wand of digging (9)
 h - a wand of polymorph (15)
 k - a wand of charming (2)
 u - a wand of iceblast (3)
 v - a wand of flame (19)
 x - a wand of mindburst (18)
Scrolls
 b - 3 scrolls of fog
 c - 4 scrolls of magic mapping
 d - a scroll of fear
 j - 2 scrolls of teleportation
 l - a scroll of amnesia
 n - a scroll of enchant armour {unknown}
 p - a scroll of silence {unknown}
 y - a scroll of blinking
Potions
 m - 2 potions of heal wounds
 o - 2 potions of might
 q - 4 potions of curing
 r - a potion of lignification
 A - a potion of cancellation


   Skills:
 - Level 3.0 Fighting
 + Level 8.1 Short Blades
 + Level 8.0 Dodging
 + Level 12.8 Stealth
 + Level 7.5 Shields
 + Level 2.3 Spellcasting
 + Level 2.3 Hexes
 + Level 2.3 Summonings
 + Level 5.8 Evocations


You had 9 spell levels left.
You knew the following spells:

 Your Spells              Type           Power      Damage    Failure   Level
a - Summon Mana Viper     Hex/Summ       8%         N/A       99%         5

Your spell library contained the following spells:

 Spells                   Type           Power      Damage    Failure   Level
 Sandblast                Erth           2%         2d4       50%         1
 Corpse Rot               Necr/Air       N/A        N/A       65%         2
 Passwall                 Tmut/Erth      0%         N/A       65%         2
 Poisonous Vapours        Pois/Air       2%         N/A       65%         2
 Dazzling Flash           Conj/Hex       10%        N/A       71%         3
 Gell's Gravitas          Tloc           0%         N/A       86%         3
 Stone Arrow              Conj/Erth      2%         3d7       86%         3
 Teleport Other           Tloc           1%         N/A       86%         3
 Summon Ice Beast         Ice/Summ       5%         N/A       98%         4
 Agony                    Necr           1%         N/A       100%        5
 Silence                  Hex/Air        2%         N/A       100%        5
 Dispersal                Tloc           0%         N/A       100%        6
 Monstrous Menagerie      Summ           4%         N/A       100%        7


Dungeon Overview and Level Annotations

Branches:
Dungeon (11/15)            Temple (1/1) D:4         Ossuary (visited)
   Lair: D:8-11         Orc: D:9-12

Altars:
Ashenzari
Cheibriados
Dithmenos
Elyvilon
Fedhas
Gozag
Hepliaklqana
Kikubaaqudgha
Makhleb
Nemelex Xobeh
Okawaru
Qazlal
Ru
Sif Muna
Trog
Uskayaw
Vehumet
Wu Jian
Xom
Yredelemnul
Zin
The Shining One

Shops:
D:4 *!   D:6 (   D:7 [*!

Annotations:
D:11 Nergalle


Innate Abilities, Weirdness & Mutations

You cannot wear most types of armour.
You are amphibious.
You can wear up to eight rings at the same time.
Your skin changes colour to match your surroundings (Stealth+).
Your rubbery body absorbs attacks. (AC +1, EV +1)
((You are camouflaged near water. (Stealth+)))
You have tentacles for arms and can constrict up to eight enemies at once.


Message History

Nergalle hits you with a +0 dagger.
You hit Nergalle but do no damage. You grab Nergalle.
You squeeze Nergalle, but do no damage.
You constrict Nergalle, but do no damage.
You puncture Nergalle! You freeze Nergalle.
You squeeze Nergalle, but do no damage.
Nergalle is lightly wounded.
You constrict Nergalle, but do no damage.
Your shield prevents you from hitting Nergalle.
You squeeze Nergalle.
Nergalle is moderately wounded.
You constrict Nergalle. Nergalle hits you with a +0 dagger!
The cyclops throws a large rock.
The large rock hits you!!
You hit Nergalle. You freeze Nergalle.
Nergalle is heavily wounded.
You constrict Nergalle. You hit Nergalle but do no damage.
Your squeeze misses Nergalle.
Nergalle is heavily wounded.
You constrict Nergalle, but do no damage.
Nergalle hits you with a +0 dagger.
You hit Nergalle. You freeze Nergalle. You squeeze Nergalle, but do no damage.
Nergalle is heavily wounded.
You constrict Nergalle.
Unknown command.
You hit Nergalle. You freeze Nergalle.
Nergalle is severely wounded.
You constrict Nergalle.
Nergalle grimaces horribly.
Nergalle hits you with a +0 dagger.
Unknown command.
You hit Nergalle. You freeze Nergalle.
Nergalle is severely wounded.
You constrict Nergalle.
Unknown command.
You barely miss Nergalle.
Nergalle is almost dead.
You constrict Nergalle.
The cyclops throws a large rock.
The large rock hits you!!!
You die...
Your body crumbles into a pile of gold.

#.8...8#
+......#
+.....8# ...8 .
#......# .... ..
#.8._..#.....
...##.....#.....
.....8o8.8..[...
......>@........
.............##
.^......<...#..
.C.........#.#
......#.#.#.#..
.....###.#.#...
....# # #.....
...# ..... ..#
## .


You could see Nergalle and a cyclops.

Vanquished Creatures
  A boulder beetle (D:10)
  A two-headed ogre (D:8)
  An unseen horror (D:10)
  A troll (D:9)
  14 yaks
  A steam dragon (D:8)
  2 water moccasins
  An ice beast (D:5)
  2 orc warriors
  2 black bears (D:7)
  2 necrophages
  3 centaurs
  3 kobold brigands
  5 bullfrogs
  7 scorpions
  2 water moccasin zombies
  A wyvern zombie (D:7)
  A gnoll sergeant (D:9)
  14 killer bees
  4 wights (D:8)
  2 howler monkeys (D:9)
  3 centaur zombies
  7 hounds
  A gnoll shaman (D:5)
  A bullfrog skeleton (D:5)
  2 jellies
  2 orc priests (D:8)
  3 iguanas
  5 orc wizards
  A hound skeleton (D:5)
  A howler monkey zombie (D:9)
  5 gnolls (D:9)
  2 adders (D:5)
  2 white imps
  An ufetubus (D:6)
  An adder skeleton (D:4)
  A dart slug (D:5)
  28 orcs
  A ball python (D:4)
  2 endoplasms (D:4)
  2 giant cockroaches (D:4)
  3 jackals (D:4)
  3 quokkas
  8 hobgoblin zombies (Ossuary)
  14 kobolds
  4 kobold zombies (Ossuary)
  9 orc zombies (Ossuary)
  A rat zombie (Ossuary)
183 creatures vanquished.

Notes
Turn   | Place    | Note
-------+----------+-------------------------------------------
     0 | D:5      | willcat the Octopode Delver began the quest for the Orb.
     0 | D:5      | Reached XP level 1. HP: 16/16 MP: 1/1
   203 | Ossuary  | Entered an ossuary
   290 | Ossuary  | Reached XP level 2. HP: 19/21 MP: 2/2
   558 | Ossuary  | Identified 3 scrolls of acquirement
   558 | Ossuary  | Acquired the +10 shortbow of Variav Qokhu {speed, Dex+5}
   601 | D:5      | Acquired the +3 kite shield of the Echidna {rElec rCorr
                  | Str+6}
   602 | D:5      | Acquired the +8 quick blade "Wycoorch" {freeze, rF+ Dex+5}
   867 | D:5      | Found an iron altar of Okawaru.
   867 | D:5      | Found a shimmering blue altar of Sif Muna.
   868 | D:5      | Noticed a scorpion
   869 | D:5      | Found a bloodstained altar of Trog.
   869 | D:5      | Found a shimmering altar of Xom.
   871 | D:5      | Killed a scorpion
   872 | D:5      | Reached skill level 7 in Stealth
   872 | D:5      | Reached skill level 1 in Shields
   872 | D:5      | Reached XP level 3. HP: 26/26 MP: 3/3
   872 | D:5      | Reached XP level 4. HP: 31/31 MP: 4/4
   890 | D:5      | Noticed an ice beast
  1525 | D:4      | Found Illeroras's Assorted Antiques.
  1629 | D:4      | Found a staircase to the Ecumenical Temple.
  1642 | D:4      | Reached XP level 5. HP: 36/36 MP: 5/5
  1655 | Temple   | Entered the Ecumenical Temple
  1832 | D:4      | Found Culots's Distillery.
  2146 | D:5      | Killed an ice beast
  2147 | D:5      | Reached XP level 6. HP: 29/42 MP: 6/6
  2266 | D:5      | Reached skill level 8 in Stealth
  2417 | D:5      | Reached XP level 7. HP: 26/46 MP: 7/7
  3247 | Temple   | Became a worshipper of Gozag Ym Sagoz the Greedy
  3296 | D:5      | Reached skill level 9 in Stealth
  3408 | D:6      | Reached XP level 8. HP: 52/52 MP: 8/8
  3574 | D:6      | Reached skill level 5 in Short Blades
  3574 | D:6      | Reached skill level 5 in Dodging
  3777 | D:6      | Found Buutaempiu's Antique Weapon Shoppe.
  4296 | D:7      | Reached skill level 10 in Stealth
  4354 | D:7      | Found Kuydu's Distillery.
  4358 | D:7      | Found Aneekhen's Antique Armour Shop.
  4375 | D:7      | Bought a potion of heal wounds for 50 gold pieces
  4375 | D:7      | Bought a potion of heal wounds for 50 gold pieces
  4375 | D:7      | Bought a potion of curing for 30 gold pieces
  4375 | D:7      | Bought a potion of curing for 30 gold pieces
  4375 | D:7      | Bought a potion of lignification for 30 gold pieces
  4398 | D:7      | Reached skill level 5 in Shields
  4485 | D:7      | Reached skill level 1 in Evocations
  4485 | D:7      | Reached XP level 9. HP: 56/56 MP: 9/9
  4495 | D:7      | Found Kedoacs's General Store.
  4919 | D:8      | Reached skill level 11 in Stealth
  5313 | D:8      | Noticed a two-headed ogre
  5327 | D:8      | Killed a two-headed ogre
  5328 | D:8      | Reached XP level 10. HP: 26/63 MP: 4/10
  6105 | D:9      | Reached skill level 12 in Stealth
  6563 | D:9      | Reached skill level 5 in Evocations
  6918 | D:9      | Learned a level 5 spell: Summon Mana Viper
  6935 | D:10     | Entered Level 10 of the Dungeon
  6956 | D:9      | Reached skill level 1 in Spellcasting
  7000 | D:10     | Reached skill level 1 in Hexes
  7000 | D:10     | Reached skill level 1 in Summonings
  7158 | D:10     | Killed an unseen horror
  7166 | D:10     | Noticed a boulder beetle
  7240 | D:9      | Reached XP level 11. HP: 24/67 MP: 6/13
  7396 | D:4      | Bought a scroll of fear for 105 gold pieces
  7396 | D:4      | Bought a scroll labelled INUQALEOLO for 30 gold pieces
  7695 | D:10     | Killed a boulder beetle
  7936 | D:10     | Found a radiant altar of Vehumet.
  7936 | D:10     | Found a sacrificial altar of Ru.
  8106 | D:11     | Noticed Nergalle
  8106 | D:11     | Found a faded altar of an unknown god.
  8108 | D:11     | Noticed a cyclops
  8117 | D:11     | Hit by a large rock thrown by a cyclops

Illustrated notes

Levels and vault maps discovered:
D:4:      layout_rooms, temple_statues, serial_shops, nicolae_shop_trees, shop,
          grunt_ministairs_4, minmay_misc_feat_rugged, bh_walls_and_bars
D:5:      minmay_recursive_quarters, layout_loops_ring,
          mainiacjoe_overflow_alcove_3, nicolae_ossuary_entry_monument,
          grunt_tough_drop
D:6:      layout_basic, serial_shops, nicolae_stop_n_shop_1
D:7:      layout_basic, serial_shops, kennysheep_mini, shop, shop, st_stairs_13,
          minivault_25
D:8:      layout_basic
D:9:      layout_gridville
D:10:     layout_cross, gammafunk_temple_overflow_pools, serial_column_ruins,
          column_ruins_columns_T, column_ruins_corridor_corner,
          column_ruins_corridor_straight, column_ruins_open_medium,
          column_ruins_corridor_straight, column_ruins_open_medium
D:11:     hangedman_what_comes_after_a, layout_irregular_city,
          grunt_lair_entry_orc_guard_hut, orc_0_dummy, serial_column_ruins,
          column_ruins_temple_hall, column_ruins_grid_4,
          column_ruins_corridor_water, column_ruins_open_tiny,
          column_ruins_columns_corner, uniq_nergalle
Temple:   regret_index_temple_sphere_string

Skill      XL: |  1  2  3  4  5  6  7  8  9 10 11 |
---------------+----------------------------------+-----
Stealth        | 7 8 9 10 11 12 | 12.8
Shields        | 1 2 3 5 6 7 |  7.5
Short Blades   | 3 4 5 7 8 |  8.1
Dodging        | 3 4 5 7 8 |  8.0
Evocations     | 1 4 5 |  5.8
Spellcasting   | 1 2 |  2.3
Hexes          | 1 2 |  2.3
Summonings     | 1 2 |  2.3
Fighting       | |  3.0

Action                   |  1- 3 |  4- 6 |  7- 9 | 10-12 || total
-------------------------+-------+-------+-------+-------++-------
Melee: Short sword       |    52 |       |       |       ||    52
       Constrict         |    17 |    14 |    30 |    21 ||    82
       Tentacles         |    12 |    19 |    42 |    45 ||   118
       Quick blade       |     1 |    67 |   154 |   169 ||   391
Evoke: Wand              |       |       |     4 |    12 ||    16
  Use: Scroll            |     3 |       |       |     7 ||    10
       Potion            |     1 |       |     2 |     1 ||     4
 Stab: Sleeping          |     4 |     8 |    25 |     4 ||    41
Armor: Skin              |     4 |     2 |     1 |     3 ||    10
Dodge: Dodged            |    43 |    16 |    34 |    47 ||   140
Block: Kite shield       |       |    18 |    65 |    81 ||   164

Table legend: (Time is in decaauts)
 A = Elapsed time spent in this place.
 B = Non-inter-level travel time spent in this place.
 C = Inter-level travel time spent in this place.
 D = Time resting spent in this place.
 E = Time spent auto-exploring this place.
 F = Levels seen in this place.
 G = Mean time per level.
                   A        B        C        D        E       F      G
               +--------+--------+--------+--------+--------+-----+--------+
         Total |   7948 |   7320 |    628 |    889 |   4814 |  10 |  794.8 |
       Dungeon |   7403 |   6850 |    553 |    851 |   4541 |   8 |  925.4 |
        Temple |    190 |    115 |     75 |      0 |     96 |   1 |  190.0 |
       Ossuary |    354 |    354 |      0 |     38 |    177 |   1 |  354.0 |
               +--------+--------+--------+--------+--------+-----+--------+

Top non-repeatable levels by time:
     D:5: 2052 daAuts
     D:8: 1181 daAuts
     D:9: 969 daAuts
     D:6: 965 daAuts
     D:4: 846 daAuts
    D:10: 742 daAuts
     D:7: 638 daAuts
 Ossuary: 354 daAuts
  Temple: 190 daAuts
    D:11: 6 daAuts
